 Dungeon Crawl Stone Soup version 0.28-a0-1555-g9ae15a6949 (webtiles) character file.

Game seed: 3509234798093909498

65 sbbq2022 the Skirmisher (level 3, -5/29 HPs)
             Began as a Demonspawn Berserker on Jan 19, 2022.
             Was a Believer of Trog.
             Slain by Sigmund (11 damage)
             ... on level 3 of the Dungeon.
             The game lasted 00:01:35 (1783 turns).

sbbq2022 the Skirmisher (Demonspawn Berserker)      Turns: 1783, Time: 00:01:36

Health: -5/29      AC:  5    Str: 17    XL:     3   Next: 94%
Magic:  3/3        EV: 11    Int: 10    God:    Trog [**....]
Gold:   137        SH:  0    Dex: 12    Spells: 2/2 levels left

rFire   . . .      SeeInvis .   e - +2 short sword (vamp)
rCold   . . .      Faith    .   (no shield)
rNeg    . . .      Spirit   .   d - +0 ring mail
rPois   .          Reflect  .   (no helmet)
rElec   .          Harm     .   (no cloak)
rCorr   .          Rampage  .   (no gloves)
Will    .....                   (no boots)
Stlth   +.........              (no amulet)
HPRegen 0.09/turn               (no ring)
MPRegen 0.08/turn               (no ring)

@: no status effects
A: demonic magic 1, demonic touch 1
a: Renounce Religion, Berserk, Trog's Hand


You were on level 3 of the Dungeon.
You worshipped Trog.
Trog was pleased with you.
You visited 1 branch of the dungeon, and saw 3 of its levels.

You collected 137 gold pieces.

Inventory:

Hand Weapons
 e - a +2 vampiric short sword (weapon)
Armour
 a - a +0 animal skin
 d - a +0 ring mail (worn)
Jewellery
 g - a +4 ring of protection
Scrolls
 b - a scroll of amnesia {unknown}
 f - a scroll of immolation {unknown}
 h - a scroll of blinking {unknown}
 j - a scroll of identify {unknown}
Potions
 c - 5 potions of curing {unknown}
 i - a potion of heal wounds {unknown}
 k - a potion of brilliance {unknown}


   Skills:
 + Level 3.5 Fighting
 + Level 2.5 Armour
 + Level 2.5 Dodging
 * Level 3.0 Unarmed Combat


You had 2 spell levels left.
You didn't know any spells.
Your spell library was empty.

Dungeon Overview and Level Annotations

Branches:
Dungeon (3/15)

Altars:

Portals:
Sewer: D:3

Annotations:
D:3 Sigmund


Innate Abilities, Weirdness & Mutations

Spells you cast may paralyse adjacent enemies.
Your touch may inflict minor irresistible damage on your foes.


Message History

An orc comes into view. It is wielding a +0 dagger.
The orc shouts!
Things that are here:
a +0 vampiric whip; a kobold corpse Unknown command.
The orc barely misses you.
You hit the orc.
The orc is heavily wounded.
Sigmund barely misses you. The orc hits you but does no damage.
The orc hits you with a +0 dagger.
You hit the orc but do no damage.
The orc is heavily wounded.
The orc hits you but does no damage. The orc misses you.
You barely miss the orc.
You touch the orc.
The orc is almost dead.
Sigmund barely misses you. The orc hits you but does no damage.
You completely miss the orc.
You touch the orc.
You kill the orc!
Trog accepts your kill. Sigmund barely misses you. The orc misses you.
You closely miss the orc. Your touch misses the orc.
The orc hits you with a +0 dagger. The orc completely misses you.
Sigmund barely misses you.
You hit the orc.
The orc is heavily wounded.
The orc hits you with a +0 dagger. The orc hits you but does no damage.
You hit the orc.
You feel better.
The orc is severely wounded.
Sigmund hits you but does no damage. The orc hits you but does no damage.
The orc hits you with a +0 flail.
You hit the orc.
You feel better.
You kill the orc!
Trog accepts your kill. The orc hits you with a +0 flail.
Sigmund hits you from afar with a +0 scythe!
* * * LOW HITPOINT WARNING * * *
You are too injured to fight recklessly!
Unknown command.
The orc barely misses you. Sigmund hits you with a +0 scythe!
You die...

### ..# ≈
#####.# ≈≈
...#.# ≈≈∩
#.#####.#.# .≈≈≈
#.........#
...≈≈
######)#.#......
#.).o<.......
#.#@#.#.####.
#.#.@.#... #
#...# ### #...#
#.... ......
####.... .....


You could see Sigmund and an orc.

Vanquished Creatures
  An adder (D:2)
  A worm (D:2)
  2 dart slugs (D:1)
  2 orcs (D:3)
  4 endoplasms
  7 giant cockroaches
  5 goblins
  4 hobgoblins
  2 quokkas (D:1)
  7 ball pythons
  2 bats
  2 frilled lizards
  A kobold (D:3)
  5 rats
45 creatures vanquished.

Notes
Turn   | Place    | Note
-------+----------+-------------------------------------------
     0 | D:1      | sbbq2022 the Demonspawn Berserker began the quest for the
                  | Orb.
     0 | D:1      | Reached XP level 1. HP: 18/18 MP: 1/1
   131 | D:1      | Gained mutation: Spells you cast may paralyse adjacent
                  | enemies. [demonic ancestry]
   131 | D:1      | Reached XP level 2. HP: 18/24 MP: 2/2
   719 | D:1      | Reached ** piety under Trog
   860 | D:1      | Gained mutation: Your touch may inflict minor irresistible
                  | damage on your foes. [demonic ancestry]
   860 | D:1      | Reached XP level 3. HP: 29/29 MP: 3/3
  1529 | D:2      | Found a faded altar of an unknown god.
  1768 | D:3      | Found a glowing drain.
  1771 | D:3      | Noticed Sigmund
  1783 | D:3      | Slain by Sigmund

Illustrated notes

Levels and vault maps discovered:
D:1:      erik_arrival_cave_to_civilisation [erik_arrival_cave_to_temple],
          layout_basic, dk_noncrumbling_3
D:2:      layout_basic, dreamdust_ecumenical_altar_statues
D:3:      layout_basic, portal_sewer_entry_a, corexii_hall_statues_l,
          lemuel_flame_loot_1, uniq_ijyb, uniq_sigmund

Skill      XL: |  1  2  3 |
---------------+----------+-----
Armour         | 2 |  2.5
Dodging        | 2 |  2.5
Unarmed Combat | 3 |  3.0
Fighting       | |  3.5

Action                   || total
-------------------------++-------
Melee: Unarmed           ||    29
       Short sword       ||    93
       Touch             ||    11
       Punch             ||     2
Armor: Animal skin       ||     4
       Ring mail         ||    32
Dodge: Dodged            ||    72

Table legend: (Time is in decaauts)
 A = Elapsed time spent in this place.
 B = Non-inter-level travel time spent in this place.
 C = Inter-level travel time spent in this place.
 D = Time resting spent in this place.
 E = Time spent auto-exploring this place.
 F = Levels seen in this place.
 G = Mean time per level.
                   A        B        C        D        E       F      G
               +--------+--------+--------+--------+--------+-----+--------+
         Total |   1789 |   1747 |     42 |      0 |   1450 |   3 |  596.3 |
       Dungeon |   1789 |   1747 |     42 |      0 |   1450 |   3 |  596.3 |
               +--------+--------+--------+--------+--------+-----+--------+

Top non-repeatable levels by time:
     D:1: 986 daAuts
     D:2: 787 daAuts
     D:3: 15 daAuts
